 Dungeon Crawl Stone Soup version 0.28-a0-1213-g0243856f03 (webtiles) character file.

Game seed: 644971970753785471

268 blank1 the Skirmisher (level 6, -12/56 HPs)
             Began as a Minotaur Fighter on Dec 22, 2021.
             Killed by divine providence
             ... invoked by an orc priest
              (16 damage)
             ... on level 5 of the Dungeon.
             The game lasted 00:05:05 (2292 turns).

blank1 the Skirmisher (Minotaur Fighter)            Turns: 2292, Time: 00:05:06

Health: -12/56     AC:  9    Str: 23    XL:     6   Next: 0%
Magic:  5/5        EV:  8    Int:  5    God:
Gold:   169        SH:  4    Dex:  9    Spells: 5/5 levels left

rFire   + . .      SeeInvis .   a - +0 long sword
rCold   + . .      Faith    .   c - +0 buckler
rNeg    . . .      Spirit   .   h - +0 chain mail
rPois   .          Reflect  .   (helmet restricted)
rElec   .          Harm     .   b - scarf {rC+ rF+}
rCorr   .          Rampage  .   (no gloves)
Will    .....                   (no boots)
Stlth   ..........              (no amulet)
HPRegen 0.18/turn               (no ring)
MPRegen 0.09/turn               (no ring)

@: no status effects
A: horns 2, retaliatory headbutt
a: no special abilities


You were on level 5 of the Dungeon.
You visited 1 branch of the dungeon, and saw 4 of its levels.

You collected 169 gold pieces.

Inventory:

Hand Weapons
 a - a +0 long sword (weapon)
Armour
 b - a scarf of resistance (worn)
 c - a +0 buckler (worn)
 h - a +0 chain mail (worn)
Scrolls
 e - a scroll of magic mapping {unknown}
 f - a scroll of identify {unknown}
 i - a scroll of noise {unknown}
Potions
 d - a potion of might
 g - a potion of flight {unknown}


   Skills:
 + Level 5.0 Fighting
 + Level 5.0 Long Blades
 + Level 5.0 Armour
 - Level 2.0 Dodging
 - Level 4.0 Shields


You had 5 spell levels left.
You didn't know any spells.
Your spell library was empty.

Dungeon Overview and Level Annotations

Branches:
Dungeon (3/15)

Altars:
Dithmenos


Innate Abilities, Weirdness & Mutations

You have a pair of horns on your head.
You reflexively headbutt those who attack you in melee.


Message History

The orc priest shouts!
An orc comes into view. It is wielding a +0 short sword.
The orc shouts!
An orc priest comes into view. It is wielding a +0 dagger.
The orc priest hits you with a +0 flail.
You closely miss the orc priest.
The orc priest shouts!
The orc priest hits you with a +0 flail.
Unknown command.
You closely miss the orc priest.
The orc priest invokes the aid of Beogh against you.
Beogh smites you!
The orc priest hits you but does no damage.
You hit the orc priest.
The orc priest is lightly wounded.
The orc priest miscasts a cantrip.
The orc priest hits you but does no damage.
You closely miss the orc priest.
The orc priest is lightly wounded.
The orc priest miscasts a cantrip.
The orc priest casts a cantrip, but nothing happens.
Unknown command.
You hit the orc priest but do no damage.
The orc priest is lightly wounded.
The orc priest miscasts a cantrip.
The orc priest invokes the aid of Beogh against you.
Beogh smites you!
You hit the orc priest but do no damage.
The orc priest is lightly wounded.
The orc priest calls down the wrath of Beogh upon you.
Beogh smites you!
* * * LOW HITPOINT WARNING * * *
The orc priest invokes the aid of Beogh against you.
Beogh smites you!
* * * LOW HITPOINT WARNING * * *
You hit the orc priest.
The orc priest is heavily wounded.
The orc priest calls down the wrath of Beogh upon you.
Beogh smites you!
You die...

### #.. ########## #.#
#........# #.#
#.######.####.###o####
##.######......@ooo....
##........>.###)###o####
.....######.# #.# .#...#
#.# #.# ....## #.# #.#
.##.# #.. ..# . #.# #.#
..# ..# #.# ..# ..#


You could see 4 orc priests and an orc.

Vanquished Creatures
  2 scorpions
  6 gnolls
  2 adders
  An adder skeleton (D:2)
  A worm (D:2)
  2 dart slugs
  4 ball pythons
  3 bats
  9 endoplasms
  3 giant cockroaches
  7 goblins
  8 hobgoblins
  3 jackals (D:2)
  A quokka (D:1)
  3 frilled lizards (D:2)
  2 kobolds
  A quokka skeleton (D:2)
  4 rats
62 creatures vanquished.

Notes
Turn   | Place    | Note
-------+----------+-------------------------------------------
     0 | D:1      | blank1 the Minotaur Fighter began the quest for the Orb.
     0 | D:1      | Reached XP level 1. HP: 19/19 MP: 0/0
   107 | D:1      | Reached XP level 2. HP: 23/27 MP: 1/1
   384 | D:1      | Reached skill level 1 in Dodging
   778 | D:1      | Reached XP level 3. HP: 33/33 MP: 2/2
   983 | D:2      | Reached XP level 4. HP: 27/40 MP: 3/3
  1155 | D:2      | Noticed a scorpion
  1188 | D:1      | Killed a scorpion
  1189 | D:1      | Reached XP level 5. HP: 33/47 MP: 4/4
  1929 | D:3      | Reached skill level 5 in Fighting
  1929 | D:3      | Reached skill level 5 in Long Blades
  1931 | D:3      | Reached skill level 5 in Armour
  1934 | D:3      | Reached XP level 6. HP: 10/56 MP: 5/5
  2231 | D:3      | Found a shadowy altar of Dithmenos.
  2269 | D:3      | You fall into a shaft and drop 2 floors!
  2269 | D:5      | Entered Level 5 of the Dungeon
  2292 | D:5      | Killed from afar by an orc priest

Illustrated notes

Levels and vault maps discovered:
D:1:      minmay_arrival_radiant_lines, layout_basic, hex_tiny, chequers_garden,
          minmay_pentomino_r2
D:2:      layout_rooms
D:3:      cheibrodos_greedy_goblins, layout_basic,
          mainiacjoe_overflow_boulevard, amcnicky_mini_rare_corridor_liquid
D:5:      lemuel_castle_with_subvaults [lemuel_castle_interior_carwin_2],
          layout_loops_ring, lightli_temple_of_fire, serial_shops,
          nicolae_shop_behind_doors

Skill      XL: |  1  2  3  4  5 |
---------------+----------------+-----
Dodging        | 1 2 |  2.0
Fighting       | 4 5 |  5.0
Shields        | 4 |  4.0
Armour         | 4 5 |  5.0
Long Blades    | 3 4 5 |  5.0

Action                   |  1- 3 |  4- 6 || total
-------------------------+-------+-------++-------
Melee: Long sword        |    76 |    77 ||   153
       Headbutt          |    10 |    11 ||    21
  Use: Potion            |       |     1 ||     1
Armor: Scale mail        |    12 |       ||    12
       Ring mail         |     6 |       ||     6
       Chain mail        |     9 |    45 ||    54
Dodge: Dodged            |    41 |    35 ||    76
Block: Buckler           |    18 |    13 ||    31

Table legend: (Time is in decaauts)
 A = Elapsed time spent in this place.
 B = Non-inter-level travel time spent in this place.
 C = Inter-level travel time spent in this place.
 D = Time resting spent in this place.
 E = Time spent auto-exploring this place.
 F = Levels seen in this place.
 G = Mean time per level.
                   A        B        C        D        E       F      G
               +--------+--------+--------+--------+--------+-----+--------+
         Total |   2332 |   2279 |     53 |    626 |   1144 |   4 |  583.0 |
       Dungeon |   2332 |   2279 |     53 |    626 |   1144 |   4 |  583.0 |
               +--------+--------+--------+--------+--------+-----+--------+

Top non-repeatable levels by time:
     D:1: 1110 daAuts
     D:2: 982 daAuts
     D:3: 216 daAuts
     D:5: 23 daAuts
